 Dungeon Crawl Stone Soup version 0.21.1-1-g345015f (webtiles) character file.

188 Matador8 the Poker (level 5, -1/38 HPs)
             Began as a Merfolk Skald on Apr 18, 2018.
             Slain by an iguana (14 damage)
             ... on level 3 of the Dungeon.
             The game lasted 00:18:26 (2347 turns).

Matador8 the Poker (Merfolk Skald)                  Turns: 2347, Time: 00:18:27

Health: -1/38      AC:  3    Str: 12    XL:     5   Next: 67%
Magic:  3/8        EV: 12    Int: 13    God:
Gold:   151        SH:  0    Dex: 13    Spells: 2/8 levels left

rFire    . . .     SeeInvis .   a - +0 spear
rCold    . . .     Gourm    .   (no shield)
rNeg     . . .     Faith    .   b - +0 leather armour
rPois    .         Spirit   .   (no helmet)
rElec    .         Reflect  .   (no cloak)
rCorr    .         Harm     .   (no gloves)
MR       .....                  (no boots)
Stlth    +.........             (no amulet)
HPRegen  0.12/turn              (no ring)
MPRegen  0.11/turn              (no ring)

@: no status effects
A: change form in water, swift swim, stealthy swim
a: no special abilities


You were on level 3 of the Dungeon.
You were not hungry.

You visited 1 branch of the dungeon, and saw 4 of its levels.

You collected 151 gold pieces.

Inventory:

Hand Weapons
 a - a +0 spear (weapon)
Armour
 b - a +0 leather armour (worn)
Jewellery
 n - a cursed ring of loudness {unknown}
 q - an uncursed ring of resist corrosion {unknown}
Wands
 o - a wand of iceblast (12)
Scrolls
 e - a scroll of enchant armour {unknown}
 f - 2 scrolls of immolation
 g - a scroll of fog {unknown}
 h - 2 scrolls of teleportation {unknown}
 k - 3 scrolls of identify {unknown}
 l - a scroll of remove curse {unknown}
Potions
 i - 2 potions of curing
 m - a potion of magic {unknown}
 p - a potion of heal wounds {unknown}
Books
 c - a book of Battle

   Spells                             Type                      Level
   a - Infusion                       Charms                       1
   b - Shroud of Golubria             Charms/Translocation         2
   c - Song of Slaying                Charms                       2
   d - Spectral Weapon                Hexes/Charms                 3
   e - Regeneration                   Charms/Necromancy            3
Comestibles
 d - 4 rations
 j - a chunk of flesh


   Skills:
 - Level 2.1 Fighting
 + Level 6.2 Polearms
 - Level 0.6 Armour
 - Level 2.6 Dodging
 - Level 2.0 Spellcasting
 - Level 2.2 Hexes
 + Level 4.5 Charms


You had 2 spell levels left.
You knew the following spells:

 Your Spells              Type           Power        Failure   Level  Hunger
a - Infusion              Chrm           ##..         4%          1    ##.....
b - Shroud of Golubria    Chrm/Tloc      #.........   19%         2    ###....
c - Spectral Weapon       Hex/Chrm       ##......     24%         3    ####...


Dungeon Overview and Level Annotations

Branches:
Dungeon (4/15)
 Temple: D:4-7

Altars:
Zin

Annotations:
D:3 Grinder


Message History

The iguana is moderately wounded.
The iguana barely misses you.
You barely miss the iguana.
The iguana is moderately wounded.
The iguana barely misses you.
You closely miss the iguana.
The iguana is moderately wounded.
The iguana bites you!
You hit the iguana.
The iguana is heavily wounded.
You hit the iguana.
The iguana is heavily wounded.
The iguana bites you!
You hit the iguana but do no damage.
The iguana is heavily wounded.
The iguana closely misses you.
You barely miss the iguana.
The iguana is heavily wounded.
The iguana bites you!
You die...

.##.#.....# ###.......#.
.##.#.....#### #.......#
.##.#...g....#######.......#
................).........>#
.##........#.#######......##
.#######.#.#.#######........
.# #.....#.......#.....##.
.## #.#.###....l..#.....#
..# #..........@..#######
..# ###.###...........# ..##
#.# ###########.# #..#####.#
#.# ......##.# #.+ .#.##.#
### .)..#.# ....#.# ###.#.#


You could see an iguana.

Vanquished Creatures
  Ijyb (D:4)
  A gnoll (D:4)
  6 adders
  A howler monkey skeleton (D:4)
  An ooze (D:2)
  2 worms
  2 adder skeletons (D:4)
  A dart slug (D:2)
  A leopard gecko (D:1)
  5 orcs
  6 giant cockroaches
  6 hobgoblins
  5 jackals
  A quokka (D:4)
  2 ball pythons
  7 bats
  2 frilled lizards (D:1)
  4 goblins
  9 kobolds
  4 rats
67 creatures vanquished.

Vanquished Creatures (others)
  2 spectral weapons
2 creatures vanquished.

Grand Total: 69 creatures vanquished

Notes
Turn   | Place    | Note
-------+----------+-------------------------------------------
     0 | D:1      | Matador8 the Merfolk Skald began the quest for the Orb.
     0 | D:1      | Reached XP level 1. HP: 16/16 MP: 3/3
    85 | D:1      | Reached XP level 2. HP: 5/22 MP: 0/5
   336 | D:1      | Reached skill level 4 in Polearms
   471 | D:2      | Reached XP level 3. HP: 25/27 MP: 6/6
   475 | D:2      | Learned a level 2 spell: Shroud of Golubria
   479 | D:2      | Learned a level 3 spell: Spectral Weapon
   824 | D:2      | Reached skill level 1 in Hexes
   908 | D:2      | Reached XP level 4. HP: 25/33 MP: 2/7
  1069 | D:2      | Reached skill level 5 in Polearms
  1552 | D:3      | HP: 1/33 [orc priest/divine providence (9)]
  1568 | D:3      | Found a glowing silver altar of Zin.
  1822 | D:3      | Reached XP level 5. HP: 9/38 MP: 5/8
  2049 | D:3      | Noticed Grinder
  2202 | D:4      | Noticed Ijyb
  2218 | D:4      | Killed Ijyb
  2218 | D:4      | Reached skill level 6 in Polearms
  2347 | D:3      | Slain by an iguana

Skill      XL: |  1  2  3  4  5 |
---------------+----------------+-----
Polearms       | 4 5 6 |  6.2
Charms         | 4 |  4.5
Hexes          | 1 2 |  2.2
Fighting       | |  2.1
Armour         | |  0.6
Dodging        | |  2.6
Spellcasting   | |  2.0

Action                   |  1- 3 |  4- 6 || total
-------------------------+-------+-------++-------
Melee: Spear             |    91 |   189 ||   280
 Cast: Infusion          |     6 |     9 ||    15
       Spectral Weapon   |       |     5 ||     5
  Use: Potion            |       |     2 ||     2
       Scroll            |       |     1 ||     1
 Stab: Distracted        |       |     2 ||     2
  Eat: Chunk             |       |     6 ||     6
Armor: Leather armour    |    17 |    33 ||    50
Dodge: Dodged            |    44 |   108 ||   152
